 Dungeon Crawl Stone Soup version 0.30.1-1-g62c8e00024 (webtiles) character file.

Game seed: 16882471708052145493

629 cdecastro the Cudgeller (level 7, -2/71 HPs)
             Began as a Troll Fighter on July 18, 2023.
             Slain by an orc wizard
             ... wielding a +0 dagger
              (3 damage)
             ... on level 5 of the Dungeon.
             The game lasted 00:09:11 (4196 turns).

cdecastro the Cudgeller (Troll Fighter)             Turns: 4196, Time: 00:09:12

Health: -2/71      AC:  4    Str: 25    XL:     7   Next: 23%
Magic:  6/6        EV:  9    Int:  4    God:
Gold:   209        SH:  0    Dex: 11    Spells: 6/6 levels left

rFire   . . .        (no weapon)
rCold   . . .        c - +0 kite shield
rNeg    . . .        b - +0 robe
rPois   .            (helmet restricted)
rElec   .            (no cloak)
rCorr   .            (gloves unavailable)
SInv    .            (boots unavailable)
Will    .....        (no amulet)
Stlth   +            (no ring)
HPRegen 1.11/turn    (no ring)
MPRegen 0.10/turn

%: no passive effects
@: confused
A: large, unfitting armour, claws 3, regeneration 1, shaggy fur 1, tough skin 1
a: no special abilities


You were on level 5 of the Dungeon.
You visited 2 branches of the dungeon, and saw 6 of its levels.

You collected 235 gold pieces.
You spent 26 gold pieces at shops.

Inventory:

Hand Weapons
 a - a +0 flail
Missiles
 h - 3 large rocks
 s - 7 poisoned darts (quivered)
 v - a boomerang of dispersal
 w - a boomerang
Armour
 b - a +0 robe (worn)
 c - a +0 kite shield (worn)
Jewellery
 e - an amulet of magic regeneration
Scrolls
 f - 2 scrolls of amnesia {unknown}
 i - a scroll of immolation {unknown}
 j - 3 scrolls of vulnerability {unknown}
 k - 3 scrolls of teleportation {unknown}
 l - a scroll of identify
 m - 2 scrolls of blinking {unknown}
 p - a scroll of fear {unknown}
 r - a scroll of enchant weapon {unknown}
 u - 4 scrolls of poison {unknown}
Potions
 d - a potion of might
 g - a potion of ambrosia {unknown}
 n - a potion of flight {unknown}
 o - 3 potions of lignification {unknown}
 q - 2 potions of haste {unknown}
 t - a potion of invisibility {unknown}
 x - a potion of resistance {unknown}
 z - 3 potions of degeneration {unknown}
 A - a potion of mutation {unknown}


   Skills:
 + Level 4.4 Fighting
 * Level 6.1 Maces & Flails
 - Level 2.4 Dodging
 - Level 2.6 Shields


You had 6 spell levels left.
You didn't know any spells.
Your spell library contained the following spells:

 Spells                   Type           Power      Damage    Failure   Level
 Ensorcelled Hibernation  Hex/Ice        0%         N/A       88%         2
 Poisonous Vapours        Pois/Air       0%         N/A       88%         2
 Dazzling Flash           Conj/Hex       0%         N/A       98%         3
 Mephitic Cloud           Conj/Pois/Air  0%         N/A       98%         3
 Spider Form              Tmut/Pois      0%         N/A       98%         3
 Volatile Blastmotes      Fire/Tloc      0%         2d10      98%         3
 Anguish                  Hex/Necr       0%         N/A       100%        4
 Iskenderun's Mystic Bla  Conj/Tloc      0%         2d3       100%        4
 Freezing Cloud           Conj/Ice/Air   0%         6-21      100%        5
 Starburst                Conj/Fire      0%         6d3       100%        6


Dungeon Overview and Level Annotations

Branches:
Dungeon (5/15)             Temple (1/1) D:5

Altars:
Cheibriados
Dithmenos
Kikubaaqudgha
Makhleb
Okawaru
Ru
Trog
Uskayaw
Wu Jian
Xom
Yredelemnul
Zin

Shops:
D:1 *[((   D:2 [   D:4 (   D:5 :

Annotations:
D:5 2 transporters, 2 runed translucent doors


Innate Abilities, Weirdness & Mutations

You are too large for most types of armour.
You have claws for hands.
Your natural rate of healing is unusually fast.
You are covered in fur. (AC +1)
You have tough skin. (AC +1)


Message History

You completely miss something. The orc misses you.
You hear some strange, mumbled words.
A magic dart appears from out of thin air!
The magic dart hits you! The orc hits you with a +0 mace.
You barely miss something. The orc hits you with a +0 club.
* * * LOW HITPOINT WARNING * * *
The orc hits you with a +0 mace.
* * * LOW HITPOINT WARNING * * *
You hear some strange, mumbled words.
A puff of flame appears from out of thin air!
The puff of flame hits you.
* * * LOW HITPOINT WARNING * * *
The orc barely misses you. Something hits you.
* * * LOW HITPOINT WARNING * * *
The orc barely misses you.
You miss something. The orc hits you with a +0 club.
* * * LOW HITPOINT WARNING * * *
Something hits you but does no damage. The orc closely misses you.
You bump into the metal wall.
The orc barely misses you. The orc hits you with a +0 mace.
* * * LOW HITPOINT WARNING * * *
Something hits you.
* * * LOW HITPOINT WARNING * * *
You completely miss something. The orc hits you with a +0 club.
* * * LOW HITPOINT WARNING * * *
The orc hits you but does no damage.
You hear some strange, mumbled words.
A puff of flame appears from out of thin air!
The puff of flame hits you!
* * * LOW HITPOINT WARNING * * *
You're too confused to move!
The orc closely misses you. Something hits you but does no damage.
The orc hits you with a +0 mace.
* * * LOW HITPOINT WARNING * * *
Unknown command.
You barely miss something. The orc hits you with a +0 club.
* * * LOW HITPOINT WARNING * * *
The orc hits you with a +0 mace.
* * * LOW HITPOINT WARNING * * *
Something hits you.
You die...

########+###### #####
#......oo...... #....
#..)...@{o..$.. ###....
#....#######... ##......
#....#ssbs.# .#.......
#....+sbsss+ ..#.......
#....#ssssB# ...#.......
#....#######....#.#'####
#...............#.#.#...
#...............#.#.....
########'########.#.....


You could see 3 orcs.

Vanquished Creatures
  A water moccasin (D:5)
  An ice beast (D:5)
  A centaur (D:5)
  A hound (D:5)
  An orc priest (Temple)
  A gnoll bouda (D:4)
  A sleepcap (D:5)
  An iguana (D:4)
  An orc wizard (D:5)
  4 gnolls
  4 adders
  An ufetubus (Temple)
  3 worms
  2 dart slugs (D:2)
  8 orcs
  8 ball pythons
  8 bats
  11 endoplasms
  4 giant cockroaches
  5 goblins
  7 hobgoblins
  2 jackals (D:3)
  5 quokkas
  8 frilled lizards
  4 kobolds (D:1)
  8 rats
101 creatures vanquished.

Notes
Turn   | Place    | Note
-------+----------+-------------------------------------------
     0 | D:1      | cdecastro the Troll Fighter began the quest for the Orb.
     0 | D:1      | Reached XP level 1. HP: 22/22 MP: 0/0
    28 | D:1      | Reached skill level 2 in Maces & Flails
   195 | D:1      | Reached XP level 2. HP: 29/29 MP: 1/1
   245 | D:1      | Found Ukhailus's Armour Boutique.
   321 | D:1      | Found a faded altar of an unknown god.
   366 | D:1      | Found Deleegh's Weapon Emporium.
   478 | D:1      | Found Neryg's Antique Weapon Shop.
   684 | D:1      | Reached XP level 3. HP: 36/36 MP: 2/2
   692 | D:1      | Found Ginno Osimni's General Store.
   708 | D:1      | Bought a scroll of identify for 26 gold pieces
   923 | D:2      | Reached skill level 3 in Maces & Flails
   932 | D:2      | Found Waplad's Armour Emporium.
  1247 | D:2      | Reached XP level 4. HP: 45/45 MP: 3/3
  2501 | D:4      | Found Yllycs's Firing Range.
  2545 | D:4      | Reached skill level 4 in Maces & Flails
  2545 | D:4      | Reached XP level 5. HP: 50/53 MP: 4/4
  3187 | D:5      | Entered Level 5 of the Dungeon
  3276 | D:5      | Noticed an ice beast
  3299 | D:5      | Killed an ice beast
  3300 | D:5      | Reached skill level 5 in Maces & Flails
  3300 | D:5      | Reached XP level 6. HP: 24/62 MP: 5/5
  3349 | D:5      | Found a staircase to the Ecumenical Temple.
  3358 | Temple   | Entered the Ecumenical Temple
  3579 | Temple   | HP: 3/62 [orc/+0 hand axe (4)]
  3788 | D:5      | Found a shimmering altar of Xom.
  3788 | D:5      | Found a shimmering altar of Xom.
  3789 | D:5      | Found a shimmering altar of Xom.
  3789 | D:5      | Found a shimmering altar of Xom.
  3839 | D:5      | Noticed a water moccasin
  3857 | D:5      | Killed a water moccasin
  3858 | D:5      | Reached skill level 6 in Maces & Flails
  3858 | D:5      | Reached XP level 7. HP: 11/71 MP: 6/6
  4131 | D:5      | Found Fyduluz's Book Emporium.
  4144 | D:5      | Found a transporter.
  4157 | D:5      | Found a transporter.
  4165 | D:5      | Found a runed translucent door.
  4171 | D:5      | Found a runed translucent door.
  4196 | D:5      | HP: 1/71 [orc/+0 mace (3)]
  4196 | D:5      | Slain by an orc wizard

Illustrated notes

Levels and vault maps discovered:
D:1:      matt_arrival_diagonals, layout_basic,
          shapermc_ecumenical_altar_ellora, serial_shops, shop, shop, shop,
          nicolae_lakefront_shop, nicolae_kite_square_tiling_tiny
D:2:      layout_rooms, serial_shops, shop, minmay_cut_off
D:3:      layout_basic
D:4:      layout_loops_ring, nicolae_shop_firing_range
D:5:      lemuel_insect_pit, layout_basic, xom_redecorated,
          minmay_temple_entry_waves, serial_shops, shop,
          gammafunk_ghost_stat_death, kennysheep_cross_room,
          reono_crystal_passage
Temple:   bh_familiar_temple

Skill      XL: |  1  2  3  4  5  6 |
---------------+-------------------+-----
Maces & Flails | 2 3 4 5 6 |  6.1
Fighting       | 3 4 |  4.4
Dodging        | |  2.4
Shields        | |  2.6

Action                     |  1- 3 |  4- 6 |  7- 9 || total
---------------------------+-------+-------+-------++-------
  Melee: Unarmed           |   142 |   192 |    34 ||   368
  Throw: Large rock        |       |     2 |       ||     2
    Use: Scroll            |     1 |       |       ||     1
         Potion            |       |     9 |       ||     9
 Armour: Robe              |    36 |    58 |     9 ||   103
  Dodge: Dodged            |    53 |   119 |    14 ||   186
  Block: Kite shield       |    49 |   117 |    13 ||   179
